 Dungeon Crawl Stone Soup version 0.31.0-9-g3a7656b989 (webtiles) character file.

Game seed: 4386718065525546787

259 MacCMillion the Magician (level 6, -4/40 HPs)
             Began as a Djinni Alchemist on Jan 27, 2024.
             Slain by a phantom (5 damage)
             ... on level 4 of the Dungeon.
             The game lasted 00:07:09 (3812 turns).

MacCMillion the Magician (Djinni Alchemist)         Turns: 3812, Time: 00:07:09

Health: -4/40      AC:  5    Str: 10    XL:     6   Next: 40%
Gold:   146        EV: 12    Int: 18    God:
                   SH:  0    Dex: 14

rFire   + + .        n - +1 dagger of the Eight Cities {speed, Fly Str+3}
rCold   x . .        (no shield)
rNeg    . . .        a - +0 robe
rPois   ∞            g - +0 helmet
rElec   .            (no cloak)
rCorr   .            i - +1 pair of gloves {hurl}
SInv    .            (boots unavailable)
Will    .....        (no amulet)
Stlth   +++          (no ring)
HPRegen 0.26/turn    (no ring)
MPRegen 0.00/turn

%: infuse magic (-5 HP)
@: flying, very slightly contaminated
A: sickness immunity, fire resistance 2, cold vulnerability 1, float, innate
caster, HP casting, extra vitality 1
a: no special abilities


You were on level 4 of the Dungeon.
You visited 1 branch of the dungeon, and saw 4 of its levels.

You collected 202 gold pieces.
You spent 56 gold pieces at shops.

Inventory:

Hand Weapons
 b - a +0 dagger
 n - the +1 dagger of the Eight Cities (weapon) {speed, Fly Str+3}
   (You found it on level 3 of the Dungeon)

   Str+3:     It affects your strength (+3).
   Fly:       It grants you flight.
Missiles
 m - 2 throwing nets
Armour
 a - a +0 robe (worn)
 e - a +0 buckler
 g - a +0 helmet (worn)
 i - a +1 pair of gloves of hurling (worn)
Jewellery
 d - the Hermit's Pendant {Faith Invo=14 Evo=0 MP+5}
   (You found it on level 3 of the Dungeon)

   [amulet of faith]

   Invo=14: It sets your Invocations skill to 14.
   Evo=0: It sets your Evocations skill to 0.
   Faith:     It allows you to gain divine favour quickly.
   MP+5:      It affects your magic capacity (+5).
Scrolls
 f - 2 scrolls of amnesia
 k - a scroll of enchant weapon
 l - a scroll of fog
 o - a scroll of poison {unknown}
 p - a scroll of noise {unknown}
 q - a scroll of identify
 s - a scroll of brand weapon {unknown}
Potions
 c - 3 potions of curing
 h - a potion of heal wounds
 j - 2 potions of attraction
 r - a potion of haste {unknown}


   Skills:
 - Level 2.1 Dodging
 - Level 4.0 Stealth
 + Level 0.0 Shields
 + Level 4.6 Spellcasting
 + Level 4.6 Conjurations
 + Level 4.6 Hexes
 + Level 4.6 Summonings
 + Level 4.6 Necromancy
 + Level 4.6 Translocations
 + Level 4.6 Fire Magic
 + Level 4.6 Ice Magic
 + Level 4.6 Air Magic
 + Level 4.6 Earth Magic
 + Level 4.6 Alchemy


You knew the following spells:

 Your Spells              Type           Power      Damage    Failure   Level
a - Sting                 Conj/Alch      80%        1d8       1%          1
b - Mercury Vapours       Alch/Air       40%        N/A       3%          2
c - Mephitic Cloud        Conj/Alch/Air  20%        N/A       6%          3
d - Olgreb's Toxic Radia  Alch           20%        N/A       21%         4
e - Sticky Flame          Fire/Alch      20%        2d6       21%         4
f - Summon Small Mammal   Summ           80%        N/A       1%          1
g - Momentum Strike       Conj/Tloc      40%        3d9       3%          2
Your spell library was empty.

Dungeon Overview and Level Annotations

Branches:
Dungeon (4/15)
 Temple: D:4-7

Altars:

Shops:
D:3 ?(=

Annotations:
D:2 Terence


Innate Abilities, Weirdness & Mutations

You are immune to sickness and miasma.
You are immune to poison.
Your flesh is very heat resistant. (rF++)
You are vulnerable to cold. (rC-)
You float through the air rather than walking.
You learn spells naturally, not from books.
Your magical power is your life essence.
You have superior vitality. (+4 MHP)


Message History

Aim: a phantom (lightly damaged, unstickable)
The sticky flame hits the phantom.
The phantom is moderately damaged.
The phantom hits you.
The phantom blinks!
You blink.
Casting: Sticky Flame (quite dangerous; 21% risk of failure)
Confirm with . or Enter, or press ? or * to list all spells.
Aiming: Sticky Flame (quite dangerous; 21% risk of failure)
Press: ? - help, Shift-Dir - straight line, f/p - phantom
Aim: a phantom (moderately damaged, unstickable)
The sticky flame hits the phantom.
The phantom is heavily damaged.
The phantom closely misses you.
Casting: Sticky Flame (quite dangerous; 21% risk of failure)
Confirm with . or Enter, or press ? or * to list all spells.
Aiming: Sticky Flame (quite dangerous; 21% risk of failure)
Press: ? - help, Shift-Dir - straight line, f/p - phantom
Aim: a phantom (heavily damaged, unstickable)
You miscast Sticky Flame.
You are very lightly contaminated with residual magic.
Flames sear your flesh. You resist. The phantom hits you.
* * * LOW HITPOINT WARNING * * *
The phantom blinks!
You blink.
Casting: Sticky Flame (quite dangerous; 21% risk of failure)
Confirm with . or Enter, or press ? or * to list all spells.
Aiming: Sticky Flame (quite dangerous; 21% risk of failure)
Press: ? - help, Shift-Dir - straight line, f/p - phantom
Aim: a phantom (heavily damaged, unstickable)
You miscast Sticky Flame.
Nothing appears to happen.
* * * LOW HITPOINT WARNING * * *
The phantom hits you!
* * * LOW HITPOINT WARNING * * *
The phantom blinks!
You blink.
Casting: Sticky Flame (quite dangerous; 21% risk of failure)
Confirm with . or Enter, or press ? or * to list all spells.
You don't have enough health to cast this spell.
Unknown command.
You hit the phantom but do no damage.
The phantom is heavily damaged.
The phantom hits you.
You die...

#.......#.#...#..#..........#
#)........#...#..#.######...#
#)).......#...#..#.# #...#
#.##..........#..#.# #...#
#.##..........#..#.#### #...#.#
#.##....#.....#...§...# #...#.#
#.##....#.......§.....# #...#.#
<)##....#...#....W....# #...#.#
.)..............@.....###...#.#
).####)#######..............#.#
..........####......######..#.###
#............##..:...............
#............##.#...#####.#.#.##.
#.........................[.#.##.
#.......#.........#######.###.##.
#.......#.........#######.#...##.
#.......#..............##.#.####.


You could see a phantom.

Vanquished Creatures
  A bullfrog (D:3)
  A bombardier beetle (D:2)
  An orc priest (D:4)
  An orc wizard (D:3)
  3 adders (D:3)
  A dart slug (D:2)
  3 ribbon worms
  14 orcs
  2 bats
  5 endoplasms
  4 giant cockroaches
  6 goblins
  2 hobgoblins
  9 kobolds
  A quokka (D:2)
  4 ball pythons
  A frilled lizard (D:2)
  2 rats (D:3)
61 creatures vanquished.

Notes
Turn   | Place    | Note
-------+----------+-------------------------------------------
     0 | D:1      | MacCMillion the Djinni Alchemist began the quest for the
                  | Orb.
     0 | D:1      | MacCMillion set off with the following spells memorised:
                  | Sting, Mercury Vapours, Mephitic Cloud, Olgreb's Toxic
                  | Radiance, Sticky Flame.
     0 | D:1      | Reached XP level 1. HP: 15/15 MP: 0/0
   294 | D:1      | Reached XP level 2. HP: 20/21 MP: 0/0
   589 | D:1      | Found a faded altar of an unknown god.
  1050 | D:2      | Noticed a bombardier beetle
  1129 | D:2      | Reached XP level 3. HP: 19/25 MP: 0/0
  1129 | D:2      | Learned a level 1 spell: Summon Small Mammal
  1371 | D:2      | Noticed Terence
  1763 | D:2      | Reached XP level 4. HP: 29/31 MP: 0/0
  2172 | D:3      | Identified the +1 dagger of the Eight Cities {speed, Fly
                  | Str+3}
  2423 | D:3      | Found Big Fiab's Magic Scroll Shop.
  2466 | D:3      | Bought 2 scrolls of identify for 56 gold pieces
  2473 | D:3      | Found Ecou's Antique Weapon Shoppe.
  2483 | D:3      | Reached XP level 5. HP: 35/35 MP: 0/0
  2483 | D:3      | Learned a level 2 spell: Momentum Strike
  2506 | D:3      | Noticed a bullfrog
  2507 | D:3      | Found a faded altar of an unknown god.
  2507 | D:3      | Found the Hermit's Pendant {Faith Invo=14 Evo=0 MP+5}
  2516 | D:3      | Killed a bullfrog
  2875 | D:3      | Reached XP level 6. HP: 36/40 MP: 0/0
  3025 | D:3      | Found Meguuff's Jewellery Shop.
  3811 | D:4      | HP: 1/40 [phantom (7)]
  3812 | D:4      | Slain by a phantom

Illustrated notes

Levels and vault maps discovered:
D:1:      saegor_arrival_simple_b, layout_basic, ebering_ecumenical_altar_rust
D:2:      layout_basic, kennysheep_generic_room_5, uniq_terence
D:3:      layout_loops_ring, serial_shops, shop, nicolae_shop_crystal, shop,
          hellmonk_guarded_unrand_hermit
D:4:      layout_basic, minivault_24

Skill      XL: |  1  2  3  4  5  6 |
---------------+-------------------+-----
Stealth        | 2 3 4 |  4.0
Spellcasting   | 4 |  4.6
Conjurations   | 4 |  4.6
Hexes          | 4 |  4.6
Summonings     | 4 |  4.6
Necromancy     | 4 |  4.6
Translocations | 4 |  4.6
Fire Magic     | 4 |  4.6
Ice Magic      | 4 |  4.6
Air Magic      | 4 |  4.6
Earth Magic    | 4 |  4.6
Alchemy        | 4 |  4.6
Dodging        | |  2.1

Action                     |  1- 3 |  4- 6 || total
---------------------------+-------+-------++-------
  Melee: Dagger            |     1 |    10 ||    11
   Cast: Sting             |    43 |    65 ||   108
         Summon Small Mamm |     1 |       ||     1
         Olgreb's Toxic Ra |       |     3 ||     3
         Sticky Flame      |       |     3 ||     3
    Use: Scroll            |       |     6 ||     6
 Armour: Robe              |     8 |    19 ||    27
  Dodge: Dodged            |     2 |    18 ||    20
